 Dungeon Crawl Stone Soup version 0.28.0-53-g5a82cb258f (webtiles) character file.

Game seed: 5827052844942291788

789 mortz the Conjurer (level 7, -4/52 HPs)
             Began as a Demigod Conjurer on June 6, 2022.
             Shot with an arrow by a centaur (6 damage)
             ... on level 5 of the Dungeon.
             The game lasted 00:24:38 (5637 turns).

mortz the Conjurer (Demigod Conjurer)               Turns: 5637, Time: 00:24:38

Health: -4/52      AC:  4    Str:  8    XL:     7   Next: 31%
Magic:  15/15      EV: 11    Int: 28    God:
Gold:   142        SH:  3    Dex: 12    Spells: 9/12 levels left

rFire   . . .      SeeInvis .   p - +2 dagger (venom) {short}
rCold   . . .      Faith    .   t - +0 buckler
rNeg    . . .      Spirit   .   e - +0 leather armour
rPois   .          Reflect  .   (no helmet)
rElec   .          Harm     .   n - +0 cloak
rCorr   .          Rampage  .   (no gloves)
Will    .....                   (no boots)
Stlth   ++........              j - amulet of magic regeneration {@e2}
HPRegen 0.17/turn               (no ring)
MPRegen 0.54/turn               (no ring)

@: no status effects
A: high MP 1, forlorn, divine attributes
a: no special abilities


You were on level 5 of the Dungeon.
You visited 1 branch of the dungeon, and saw 5 of its levels.

You collected 142 gold pieces.


Innate Abilities, Weirdness & Mutations

You have an increased reservoir of magic. (+10% MP)
You shall have no god before yourself.
Your divine heritage dramatically boosts your attributes as you level up.


   Skills:
 + Level 1.1 Fighting
 + Level 0.4 Short Blades
 + Level 3.0 Armour
 + Level 2.4 Dodging
 + Level 2.9 Stealth
 + Level 3.2 Spellcasting
 + Level 5.5 Conjurations
 * Level 2.1 Translocations
 * Level 1.7 Fire Magic


You had 9 spell levels left.
You knew the following spells:

 Your Spells              Type           Power      Damage    Failure   Level
a - Magic Dart            Conj           100%       1d8       1%          1
b - Searing Ray           Conj           70%        2d7       2%          2

Your spell library contained the following spells:

 Spells                   Type           Power      Damage    Failure   Level
 Conjure Flame            Conj/Fire      25%        6-21      11%         3
 Dazzling Flash           Conj/Hex       40%        N/A       14%         3
 Iskenderun's Mystic Bla  Conj/Tloc      26%        2d7       30%         4
 Sticky Flame             Conj/Fire      25%        2d5       34%         4
 Ignite Poison            Fire/Tmut/Pois 7%         N/A       36%         3
 Tukima's Dance           Hex            4%         N/A       43%         3
 Fulminant Prism          Conj/Hex       10%        3d9       43%         4
 Passage of Golubria      Tloc           16%        N/A       54%         4
 Anguish                  Hex/Necr       2%         N/A       83%         4
 Yara's Violent Unravell  Hex/Tmut       2%         3d3       99%         5
 Enfeeble                 Hex            2%         N/A       100%        7

Inventory:

Hand Weapons
 m - a +0 broad axe {axe}
   (You found it on level 2 of the Dungeon)
 p - a +2 dagger of venom (weapon) {short}
   (You took it off a goblin on level 2 of the Dungeon)
 r - a +2 vorpal falchion {long}
   (You took it off an orc priest on level 2 of the Dungeon)
 C - a +2 dire flail of holy wrath {mace}
   (You took it off Edmund on level 5 of the Dungeon)
Missiles
 h - 3 stones {throwing}
 v - 8 poisoned darts {throwing}
Armour
 e - a +0 leather armour (worn)
   (You took it off an orc on level 2 of the Dungeon)
 n - a +0 cloak (worn)
   (You found it on level 2 of the Dungeon)
 t - a +0 buckler (worn)
   (You took it off Terence on level 2 of the Dungeon)
 u - a +0 chain mail
   (You took it off Terence on level 2 of the Dungeon)
Jewellery
 j - an amulet of magic regeneration (around neck) {@e2}
   (You found it on level 5 of the Dungeon)
Wands
 k - a wand of iceblast (2)
   (You found it on level 2 of the Dungeon)
Scrolls
 b - a scroll of magic mapping {!r}
 c - a scroll of vulnerability {unknown}
 d - a scroll of enchant armour {unknown}
 f - a scroll of teleportation {unknown}
 o - a scroll of immolation {unknown}
 x - a scroll of summoning {unknown}
 y - a scroll of blinking {unknown}
 z - a scroll of fog {unknown}
 A - a scroll of noise {unknown}
Potions
 a - a potion of might
 g - a potion of haste {unknown}
 i - a potion of magic {unknown}
 l - a potion of lignification {unknown}
 q - a potion of berserk rage {unknown}
 s - a potion of attraction {unknown}
 w - a potion of curing {unknown}
 B - a potion of invisibility {unknown}

Dungeon Overview and Level Annotations

Branches:
Dungeon (5/15)             Temple (0/1) D:5

Annotations:
D:5 Eustachio, Grinder

......................)..
...........##.......##..##.
........#..##.......##.....
8.......##.##.........c....
⌠..#........#..............
........##.................
......>####...............#
..###.###...........).....#
#####.# ##......@....5.....
#.##..###.................#
.....$##..............)....
................>....?.....
.................##..(.....
..................#........
......#.##....(...#.......
.###.........##...##..... .
#.........# ..(.


You could see Grinder and a centaur.


Message History

You start resting. 😎 HP[+39]
Your hp is fully restored (52).
Found a stone staircase leading down.
c - a scroll labelled ZAFOM NUIZI A hound zombie comes into view.
Casting: Searing Ray (safe; 2% risk of failure)
Confirm with . or Enter, or press ? or * to list all spells.
Aiming: Searing Ray (safe; 2% risk of failure)
Press: ? - help, Shift-Dir - straight line, f - hound zombie
Aim: a hound zombie (86% to hit)
The searing ray misses the hound zombie. (Press . to maintain the ray.) 😎 MP[-1]
You lost 1 mp, and now have 14/15 mp.
The searing ray hits the hound zombie!
The hound zombie barely misses you. 😎 MP[-1]
You lost 1 mp, and now have 13/15 mp.
The searing ray hits the hound zombie.
The hound zombie closely misses you. The hound zombie bites you. 😕 HP[-4]
You take 4 damage, and now have 48/52 hp.
The searing ray hits the hound zombie!
You finish channelling your searing ray.
The hound zombie bites you but does no damage. 😕 HP[+1] MP[-1]
You lost 1 mp, and now have 12/15 mp.
Casting: Searing Ray (safe; 2% risk of failure)
Confirm with . or Enter, or press ? or * to list all spells.
Aiming: Searing Ray (safe; 2% risk of failure)
Press: ? - help, Shift-Dir - straight line, f/p - hound zombie
Aim: a hound zombie (almost destroyed, 86% to hit)
The searing ray hits the hound zombie!
You destroy the hound zombie! (Press . to maintain the ray.) 😕 MP[-1]
You lost 1 mp, and now have 11/15 mp.
Eustachio the Magnificent comes into view.
He is wielding a +0 rapier and carrying a wand of flame (10).
A water moccasin zombie comes into view.
You see here 14 gold pieces. 😎 HP[+3] MP[+4]
Your hp is fully restored (52).
Your mp is fully restored (15).
There is a stone staircase leading up here.
A centaur comes into view.
The centaur shouts!
The centaur wields a +0 shortbow.
The centaur shoots an arrow.
The arrow hits you. 😕 HP[-3]
You take 3 damage, and now have 49/52 hp.
The centaur shoots an arrow.
The arrow closely misses you.
The centaur shoots an arrow.
The arrow hits you!
You hear a shout! 😮 HP[-12]
You take 12 damage, and now have 37/52 hp.
MASSIVE DAMAGE!! (PAUSE)
Aiming: Magic Dart (safe; 1% risk of failure)
Press: ? - help, Q - select action, (/) - cycle Shift-Dir - straight line, f - centaur
Aim: a centaur, wielding a +0 shortbow and quivering arrows (100% to hit)
The magic dart hits the centaur.
The centaur shoots an arrow.
The arrow closely misses you. 😮 MP[-1]
You lost 1 mp, and now have 14/15 mp.
Aiming: Magic Dart (safe; 1% risk of failure)
Press: ? - help, Q - select action, (/) - cycle Shift-Dir - straight line, f/p - centaur
Aim: a centaur, wielding a +0 shortbow and quivering arrows (lightly wounded, 100% to hit)
The magic dart hits the centaur.
The centaur shoots an arrow.
You block the arrow. 😮 HP[+1]
Aiming: Magic Dart (safe; 1% risk of failure)
Press: ? - help, Q - select action, (/) - cycle Shift-Dir - straight line, f/p - centaur
Aim: a centaur, wielding a +0 shortbow and quivering arrows (moderately wounded, 100% to hit)
The magic dart hits the centaur but does no damage.
The centaur shoots an arrow.
The arrow hits you. 😮 HP[-6] MP[-1]
You take 6 damage, and now have 32/52 hp.
You lost 1 mp, and now have 13/15 mp.
Grinder comes into view.
Grinder shouts!
The centaur shoots an arrow.
The arrow hits you!
* * * LOW HITPOINT WARNING * * *
😨 HP[-7] MP[+1]
You take 7 damage, and now have 25/52 hp.
The centaur shoots an arrow.
The arrow hits you.
* * * LOW HITPOINT WARNING * * *
😨 HP[-4]
You take 4 damage, and now have 21/52 hp.
The centaur shoots an arrow.
The arrow hits you.
* * * LOW HITPOINT WARNING * * *
The centaur shoots an arrow.
The arrow hits you!
* * * LOW HITPOINT WARNING * * *
😱 HP[-14] MP[+1]
You take 14 damage, and now have 7/52 hp.
MASSIVE DAMAGE!! (PAUSE)
Your mp is fully restored (15).
The centaur shoots an arrow.
The arrow barely misses you.
There is a stone staircase leading up here.
The centaur shoots an arrow.
The arrow hits you.
* * * LOW HITPOINT WARNING * * *
The centaur shoots an arrow.
The arrow hits you.
You die...

Skill      XL: |  1  2  3  4  5  6  7 |
---------------+----------------------+-----
Conjurations   | 4 5 |  5.5
Stealth        | 2 |  2.9
Spellcasting   | 2 3 |  3.2
Dodging        | 2 |  2.4
Armour         | 1 2 3 |  3.0
Translocations | 1 2 |  2.1
Fire Magic     | 1 |  1.7
Fighting       | 1 |  1.1
Short Blades   | |  0.4

Action                   |  1- 3 |  4- 6 |  7- 9 || total
-------------------------+-------+-------+-------++-------
Melee: Dagger            |     8 |       |     2 ||    10
       Falchion          |     8 |       |       ||     8
 Cast: Magic Dart        |    39 |    28 |     3 ||    70
       Searing Ray       |     8 |    21 |     3 ||    32
  Use: Potion            |     1 |       |       ||     1
       Scroll            |       |     3 |       ||     3
Armor: Robe              |     1 |       |       ||     1
       Leather armour    |       |     4 |     1 ||     5
Dodge: Dodged            |    26 |    13 |     8 ||    47
Block: Buckler           |       |       |     1 ||     1

Levels and vault maps discovered:
D:1:      lemuel_arrival_behind_the_door_small, layout_basic,
          hellmonk_ecumenical_altar_arch_garden, minmay_misc_feat_ornament
D:2:      layout_rooms, uniq_terence
D:3:      layout_basic, serial_forest, infiniplex_forest_lined_2,
          infiniplex_forest_clump_medium, infiniplex_forest_end_1,
          infiniplex_forest_clump_long, infiniplex_forest_lined_corner,
          infiniplex_forest_straight_4, infiniplex_forest_lined_corner,
          infiniplex_forest_side_room, minivault_19
D:4:      layout_layer_cave, grunt_dithmenos_smoke,
          gammafunk_temple_overflow_wave, minmay_misc_feat_enclosed
D:5:      layout_cave_pools, minmay_temple_entry_drinking_statues, uniq_edmund,
          uniq_eustachio, uniq_grinder

Notes
Turn   | Place    | Note
-------+----------+-------------------------------------------
     0 | D:1      | mortz the Demigod Conjurer began the quest for the Orb.
     0 | D:1      | Reached XP level 1. HP: 14/14 MP: 5/5
     0 | D:1      | magus.rc [v1.9.6]
   424 | D:1      | Reached skill level 4 in Conjurations
   424 | D:1      | Reached XP level 2. HP: 14/20 MP: 0/7
   550 | D:1      | Learned a level 2 spell: Searing Ray
  1108 | D:2      | Reached skill level 2 in Stealth
  1108 | D:2      | Reached skill level 2 in Spellcasting
  1108 | D:2      | Reached XP level 3. HP: 17/26 MP: 2/8
  1256 | D:2      | Noticed Terence
  1259 | D:2      | Reached skill level 2 in Dodging
  1523 | D:2      | HP: 6/26 [adder (3)]
  2007 | D:2      | Killed Terence
  2008 | D:2      | Reached XP level 4. HP: 27/33 MP: 10/10
  2431 | D:3      | You pick up a book of Maledictions and begin reading...
  2431 | D:3      | You add the spells Tukima's Dance, Anguish and Enfeeble to
                  | your library.
  3310 | D:4      | Reached skill level 5 in Conjurations
  3672 | D:4      | Reached XP level 5. HP: 38/38 MP: 5/11
  4024 | D:4      | Reached skill level 1 in Armour
  4162 | D:4      | Reached skill level 1 in Translocations
  4534 | D:4      | You add the spells Conjure Flame, Ignite Poison and Sticky
                  | Flame to your library.
  4601 | D:4      | You add the spells Passage of Golubria and Yara's Violent
                  | Unravelling to your library.
  4769 | D:4      | Reached XP level 6. HP: 46/46 MP: 9/13
  4932 | D:5      | Entered Level 5 of the Dungeon
  5210 | D:5      | Reached skill level 2 in Armour
  5226 | D:5      | Found a staircase to the Ecumenical Temple.
  5261 | D:5      | Reached skill level 3 in Spellcasting
  5261 | D:5      | Reached skill level 1 in Fire Magic
  5305 | D:5      | Noticed Edmund
  5305 | D:5      | Noticed a water moccasin
  5315 | D:5      | Killed a water moccasin
  5316 | D:5      | Reached skill level 1 in Fighting
  5316 | D:5      | Reached XP level 7. HP: 47/52 MP: 8/14
  5337 | D:5      | HP: 12/52 [Edmund/+2 dire flail of holy wrath (7)]
  5338 | D:5      | Killed Edmund
  5339 | D:5      | Reached skill level 3 in Armour
  5339 | D:5      | Reached skill level 2 in Translocations
  5616 | D:5      | Noticed Eustachio
  5633 | D:5      | Noticed Grinder
  5635 | D:5      | HP: 7/52 [centaur/arrow (8)]
  5637 | D:5      | HP: 2/52 [centaur/arrow (6)]
  5637 | D:5      | Shot with an arrow by a centaur

Vanquished Creatures
  Edmund (D:5)
  A water moccasin (D:5)
  A phantom (D:5)
  3 scorpions
  A howler monkey (D:4)
  2 hounds (D:4)
  2 orc priests
  An iguana (D:5)
  Terence (D:2)
  A hound zombie (D:5)
  A hound skeleton (D:4)
  3 adders
  2 dart slugs
  7 orcs
  4 ball pythons
  3 endoplasms
  2 giant cockroaches
  5 goblins
  5 hobgoblins
  4 quokkas
  2 frilled lizards
  4 kobolds
  3 rats
59 creatures vanquished.

Vanquished Creatures (others)
  4 plants (D:3)
4 creatures vanquished.

Grand Total: 63 creatures vanquished

Table legend:
 A = Non-vault XP
 B = Vault XP
 C = Vault XP percentage of total XP
 D = Non-vault monster count
 E = Vault monster count
 F = Vault count percentage of total count
                 A         B        C        D         E       F
            +---------+---------+-------+---------+---------+-------
      Total |     925 |     203 |  18.0 |      57 |       2 |   3.4
            +---------+---------+-------+---------+---------+-------
        D:1 |      21 |       0 |   0.0 |      12 |       0 |   0.0
        D:2 |      74 |      32 |  30.2 |      11 |       1 |   8.3
        D:3 |      42 |       0 |   0.0 |      11 |       0 |   0.0
        D:4 |     302 |       0 |   0.0 |      16 |       0 |   0.0
        D:5 |     486 |     171 |  26.0 |       7 |       1 |  12.5
            +---------+---------+-------+---------+---------+-------

Illustrated notes

Table legend:
 A = Kills in this place as a percentage of kills in entire the game.
 B = Kills by you in this place as a percentage of kills by you in the entire game.
 C = Kills by friends in this place as a percentage of kills by friends in the entire game.
 D = Other kills in this place as a percentage of other kills in the entire game.
 E = Experience gained in this place as a percentage of experience gained in the entire game.
 F = Experience gained in this place divided by the number of levels of this place that you have seen.
                   A       B       C       D       E      F
               +-------+-------+-------+-------+-------+----------------------
         Total | 100.0 | 100.0 |   N/A |   N/A | 100.0 | 225.6
       Dungeon | 100.0 | 100.0 |   N/A |   N/A | 100.0 | 225.6
               +-------+-------+-------+-------+-------+----------------------

Table legend: (Time is in decaauts)
 A = Elapsed time spent in this place.
 B = Non-inter-level travel time spent in this place.
 C = Inter-level travel time spent in this place.
 D = Time resting spent in this place.
 E = Time spent auto-exploring this place.
 F = Levels seen in this place.
 G = Mean time per level.
                   A        B        C        D        E       F      G
               +--------+--------+--------+--------+--------+-----+--------+
         Total |   5643 |   5369 |    274 |   1039 |   3311 |   5 | 1128.6 |
       Dungeon |   5643 |   5369 |    274 |   1039 |   3311 |   5 | 1128.6 |
               +--------+--------+--------+--------+--------+-----+--------+

Top non-repeatable levels by time:
     D:4: 1666 daAuts
     D:1: 1260 daAuts
     D:3: 1125 daAuts
     D:2: 987 daAuts
     D:5: 603 daAuts
